Map: Simulacrum LE

Players

Jason

  • Race: Terran Terran
  • League: Grandmaster
  • Spawn Location: 11:00

PartinG - Winner!

  • Race: Protoss Protoss
  • League: Grandmaster
  • Spawn Location: 5:00

VOD

Have the link to the VOD?

Description

Time

  • Played on: May 29, 2020, 6:57 p.m.
  • Length: 7:00
Show
View Real Time Build Order
Export as new Build Order

Jason Terran 

Build Orders: Reaper Expand 

Get SALT Encoding   

  12  0:00  SCV  
  13  0:14  SCV  
  14  0:19  Supply Depot  
  14  0:26  SCV  
  15  0:40  SCV  
  15  0:41  Barracks  
  16  0:46  Refinery  
  16  0:52  SCV  
  17  1:07  SCV  
  18  1:19  SCV  
  19  1:32  Reaper  
  20  1:33  Orbital Command  
  20  1:48  Command Center  
  20  1:51  Bunker  
  20  1:57  Supply Depot  
  20  2:01  SCV  
  21  2:04  Marine  
  22  2:13  SCV  
  23  2:19  Factory  
  23  2:24  Barracks Reactor  
  23  2:25  Refinery  
  23  2:27  SCV  
  24  2:39  SCV  
  25  2:57  SCV  
  26  3:02  Marine x2  
  28  3:11  SCV  
  28  3:15  Hellion  
  28  3:17  Orbital Command  
  28  3:18  Starport  
  30  3:23  SCV  
  30  3:24  Marine x2  
  33  3:35  SCV, Supply Depot  
  33  3:36  Factory Tech Lab  
  34  3:43  Supply Depot  
  34  3:44  SCV  
  34  3:47  SCV, Marine x2  
  38  3:56  SCV  
  38  4:00  SCV  
  38  4:01  Factory Tech Lab  
  40  4:09  SCV  
  40  4:11  Banshee, Marine x2  
  40  4:14  SCV  
  44  4:19  Siege Tank  
  44  4:21  SCV  
  48  4:25  Supply Depot  
  48  4:26  SCV  
  48  4:28  Marine  
  48  4:29  Marine  
  51  4:34  SCV  
  52  4:38  SCV  
  52  4:41  Supply Depot  
  53  4:46  SCV, Marine  
  53  4:47  Marine  
  53  4:51  Siege Tank  
  59  4:57  SCV  
  59  4:58  SCV  
  64  5:03  Supply Depot  
  64  5:04  Marine x2  
  66  5:09  SCV  
  66  5:12  Viking  
  66  5:16  Command Center  
  66  5:17  SCV  
  67  5:22  Marine x2  
  67  5:25  Siege Tank  
  67  5:27  Refinery  
  70  5:31  SCV x2  
  70  5:33  Refinery x2  
  72  5:43  SCV x2, Marine, Starport Tech Lab  
  72  5:44  Marine  
  73  5:50  Barracks  
  73  5:51  Barracks  
  73  5:55  SCV  
  70  6:00  SCV, Siege Tank  
  70  6:01  Marine x2  
  76  6:07  SCV  
  76  6:12  SCV  
  73  6:27  Marine x2  
  73  6:30  SCV  
  73  6:31  SCV  
  73  6:32  Orbital Command  
  70  6:37  Marine x2  
  67  6:42  SCV  
  67  6:43  SCV  
Show
View Real Time Build Order
Export as new Build Order

PartinG Protoss - Winner!

Build Orders: 1 Gate Expand, Blink Stalkers 

Get SALT Encoding   

  12  0:00  Probe  
  13  0:13  Probe  
  14  0:17  Pylon  
  14  0:25  Probe  
  15  0:36  Gateway  
  15  0:37  Probe (Chrono Boost)  
  16  0:46  Probe (Chrono Boost)  
  16  0:47  Assimilator  
  17  0:51  Probe (Chrono Boost)  
  18  1:03  Probe  
  19  1:15  Probe  
  20  1:22  Cybernetics Core  
  20  1:33  Nexus  
  20  1:39  Pylon  
  20  1:42  Probe  
  21  1:52  Assimilator  
  21  1:59  Adept (Chrono Boost)  
  23  2:02  Shield Battery  
  23  2:04  Probe  
  23  2:07  Warp Gate  
  24  2:18  Probe  
  24  2:19  Stalker (Chrono Boost)  
  27  2:31  Probe  
  27  2:36  Twilight Council  
  28  2:43  Probe  
  29  2:45  Probe  
  30  2:55  Probe  
  30  2:57  Probe  
  30  2:58  Robotics Facility  
  32  3:12  Blink (Chrono Boost)  
  32  3:14  Probe x2  
  32  3:26  Probe  
  33  3:27  Gateway  
  33  3:28  Gateway, Probe  
  34  3:35  Gateway  
  34  3:39  Probe  
  34  3:40  Probe  
  36  3:45  Observer (Chrono Boost)  
  36  3:47  Pylon  
  37  3:51  Probe  
  37  3:52  Probe  
  39  3:58  Warp Prism (Chrono Boost)  
  41  4:08  Stalker  
  42  4:15  Probe x2  
  42  4:16  Assimilator  
  43  4:21  Pylon  
  43  4:22  Stalker  
  45  4:26  Stalker  
  45  4:29  Probe  
  45  4:31  Probe  
  49  4:32  Observer  
  50  4:40  Pylon  
  50  4:41  Probe  
  50  4:43  Probe  
  52  4:57  Stalker x4  
  60  5:01  Shield Battery  
  60  5:08  Probe x2  
  60  5:13  Pylon  
  62  5:22  Stalker x2  
  62  5:25  Stalker x2  
  70  5:33  Probe  
  71  5:40  Assimilator  
  71  5:46  Stalker x2  
  75  5:53  Stalker x2  
  77  6:03  Probe  
  78  6:09  Pylon x2  
  78  6:17  Probe  
  77  6:20  Stalker  
  77  6:23  Pylon  
  71  6:29  Stalker x3  
  69  6:42  Probe x2  
  71  6:50  Stalker  
  71  6:53  Stalker x2  
  71  6:54  Stalker  
  79  6:56  Nexus  
Tags
 
Add a new tag
Caveats
  • Supply blocks, unpowered buildings, or Contaminate may cause inaccurate times.
  • Supply counts are checked every 10 seconds.